Map: 轉瞬即逝 - 天梯版

Players

Has - Winner!

  • Race: Protoss Protoss
  • Spawn Location: 5:00

ButAlways

  • Race: Protoss Protoss
  • League: Platinum
  • Spawn Location: 11:00

VOD

Have the link to the VOD?

Description

Time

  • Played on: Sept. 7, 2019, 12:11 p.m.
  • Length: 7:44
Show
View Real Time Build Order
Export as new Build Order

Has Protoss - Winner!

Build Orders: Oracle Opening, Phoenix Opening 

Get SALT Encoding   

  12  0:01  Probe  
  13  0:13  Probe  
  14  0:18  Pylon  
  14  0:25  Probe  
  15  0:32  Assimilator  
  15  0:33  Probe  
  15  0:42  Probe  
  16  0:43  Gateway  
  17  0:52  Probe  
  17  0:55  Assimilator  
  18  1:00  Probe  
  18  1:08  Gateway, Probe  
  20  1:18  Probe  
  20  1:23  Pylon  
  21  1:31  Cybernetics Core  
  21  1:33  Probe  
  22  1:41  Pylon  
  22  1:45  Probe  
  24  2:07  Stalker x2  
  28  2:12  Stargate  
  27  2:18  Probe  
  27  2:20  Warp Gate  
  28  2:30  Probe  
  29  2:37  Stalker  
  32  2:46  Shield Battery  
  32  2:48  Phoenix  
  32  2:49  Stalker  
  35  3:00  Probe  
  36  3:14  Probe  
  36  3:16  Pylon  
  37  3:22  Pylon  
  37  3:35  Robotics Facility  
  37  3:50  Nexus  
  37  3:53  Oracle  
  37  3:55  Probe  
  38  4:08  Probe  
  42  4:12  Pylon  
  42  4:14  Immortal  
  42  4:15  Protoss Air Weapons Level 1  
  42  4:27  Probe  
  47  4:40  Probe  
  48  4:48  Shield Battery  
  48  4:49  Shield Battery  
  48  4:51  Immortal  
  48  4:52  Probe  
  50  5:05  Probe  
  50  5:06  Probe  
  55  5:17  Probe  
  55  5:18  Probe  
  56  5:28  Stalker  
  56  5:29  Probe, Stalker  
  56  5:31  Probe  
  61  5:39  Warp Prism  
  61  5:41  Probe  
  60  5:43  Probe  
  62  5:52  Sentry x2  
  62  5:53  Probe  
  62  5:56  Pylon  
  67  5:57  Probe  
  68  6:05  Probe  
  68  6:06  Pylon  
  68  6:09  Probe  
  70  6:13  Assimilator  
  70  6:15  Assimilator  
  70  6:16  Robotics Bay  
  70  6:18  Probe  
  71  6:21  Probe  
  70  6:28  Zealot x2  
  70  6:30  Probe  
  75  6:43  Probe  
  75  6:45  Probe  
  77  6:55  Shield Battery, Probe  
  77  6:56  Shield Battery  
  77  6:58  Disruptor  
  77  6:59  Shield Battery  
  78  7:07  Zealot x2  
  85  7:24  Gateway  
  85  7:30  Zealot x2  
  85  7:35  Gateway  
Show
View Real Time Build Order
Export as new Build Order

ButAlways Protoss 

Build Orders:  

Get SALT Encoding   

  12  0:00  Probe  
  13  0:12  Probe  
  14  0:17  Pylon  
  14  0:24  Probe  
  15  0:33  Probe  
  15  0:36  Gateway  
  15  0:41  Probe  
  16  0:48  Assimilator  
  17  0:51  Probe  
  17  0:55  Assimilator  
  18  0:59  Probe  
  19  1:07  Probe  
  19  1:09  Gateway  
  19  1:17  Probe  
  20  1:24  Cybernetics Core  
  21  1:29  Probe  
  22  1:38  Pylon  
  22  1:42  Probe  
  23  2:00  Stargate  
  23  2:05  Stalker  
  23  2:06  Warp Gate  
  23  2:07  Stalker  
  27  2:17  Pylon  
  27  2:25  Probe  
  28  2:37  Probe  
  29  2:50  Probe  
  33  3:03  Nexus  
  30  3:07  Robotics Facility  
  30  3:16  Pylon  
  30  3:17  Stalker  
  31  3:28  Gateway  
  31  3:31  Shield Battery  
  31  3:38  Pylon  
  31  3:54  Stalker  
  33  3:57  Stalker  
  33  3:58  Warp Prism  
  37  4:18  Probe x2  
  37  4:23  Sentry x3  
  45  4:30  Probe  
  45  4:31  Probe  
  47  4:43  Probe  
  48  4:46  Twilight Council  
  48  4:48  Observer, Shield Battery  
  48  4:50  Probe  
  50  4:55  Probe  
  51  5:02  Probe  
  51  5:05  Adept x2  
  56  5:10  Pylon  
  56  5:13  Probe  
  58  5:14  Probe  
  58  5:16  Resonating Glaives  
  58  5:22  Probe  
  58  5:23  Probe  
  60  5:30  Probe  
  60  5:31  Probe  
  62  5:42  Warp Prism  
  58  5:51  Gateway  
  58  5:52  Gateway  
  58  5:59  Gateway  
  58  6:00  Gateway  
  58  6:05  Adept  
  58  6:06  Adept  
  58  6:10  Adept  
  64  6:14  Pylon  
  64  6:27  Adept x2  
  64  6:29  Pylon  
  64  6:30  Stalker  
  62  6:47  Adept x2  
  63  7:06  Adept x4  
  61  7:26  Adept x3  
  66  7:32  Sentry x2  
  66  7:35  Sentry  
Tags
 
Add a new tag
Caveats
  • Supply blocks, unpowered buildings, or Contaminate may cause inaccurate times.
  • Supply counts are checked every 10 seconds.